 Dungeon Crawl Stone Soup version 0.21.0-3-g78d12a8 (webtiles) character file.

32 imganon the Chopper (level 3, 0/43 HPs)
             Began as a Demonspawn Berserker on Jan 8, 2018.
             Was a Follower of Trog.
             Slain by an orc
             ... wielding a +0 trident
              (6 damage)
             ... on level 2 of the Dungeon.
             The game lasted 00:01:36 (922 turns).

imganon the Chopper (Demonspawn Berserker)           Turns: 922, Time: 00:01:37

Health: 0/43       AC:  3    Str: 23    XL:     3   Next: 10%
Magic:  3/3        EV: 12    Int:  8    God:    Trog [*.....]
Gold:   34         SH:  0    Dex: 12    Spells: 2/2 levels left

rFire    . . .     SeeInvis .   a - +0 hand axe
rCold    . . .     Gourm    +   (no shield)
rNeg     . . .     Faith    .   d - +0 leather armour
rPois    .         Spirit   .   (helmet restricted)
rElec    .         Reflect  .   (no cloak)
rCorr    .         Harm     .   (no gloves)
MR       .....                  (no boots)
Stlth    ..........             f - amulet of the gourmand
HPRegen  0.14/turn              (no ring)
MPRegen  0.08/turn              (no ring)

@: berserking, very quick
A: antennae 2
a: Berserk, Burn Spellbooks, Renounce Religion


You were on level 2 of the Dungeon.
You worshipped Trog.
Trog was aware of your devotion.
You were full.

You visited 1 branch of the dungeon, and saw 2 of its levels.

You collected 34 gold pieces.

Inventory:

Hand Weapons
 a - a +0 hand axe (weapon)
Armour
 d - a +0 leather armour (worn)
Jewellery
 f - an amulet of the gourmand (around neck)
Scrolls
 b - a scroll of teleportation {unknown}
 e - 2 scrolls of remove curse {unknown}
 g - a scroll of enchant armour {unknown}
 h - a scroll of random uselessness {unknown}
Potions
 i - 2 potions of invisibility {unknown}
Comestibles
 c - 6 rations


   Skills:
 - Level 3.0 Fighting
 + Level 3.9 Axes
 - Level 1.7 Armour
 - Level 1.7 Dodging


You had 2 spell levels left.
You didn't know any spells.

Dungeon Overview and Level Annotations

Branches:
Dungeon (2/15)

Altars:


Innate Abilities, Weirdness & Mutations

You have a pair of antennae on your head.


Message History

Unknown command.
You are too injured to fight recklessly!
Unknown command.
A red film seems to cover your vision as you go berserk!
You feel yourself moving faster!
You feel mighty!
You feel quite a bit less full. The orc hits you with a whip.
The orc hits you with a flail!
* * * LOW HITPOINT WARNING * * *
The orc misses you.
You are too injured to fight recklessly!
Unknown command.
You slash the orc!
You kill the orc!
Trog accepts your kill.
You slash the orc!
You kill the orc!
Trog accepts your kill. The bat barely misses you.
The orc hits you from afar with a trident.
You die...

##<.#<.....^##.
####.........#....
#.............$..# .
#................#####..
#........รท........$....
#....................
#..(.............#.# .
#................).#....
#..%............@bo.....
.......##########r.....
###..## ..... ... {{
.... .. ... .. .


You could see an orc, a bat and a rat.

Vanquished Creatures
  A dart slug (D:1)
  A leopard gecko (D:1)
  2 orcs (D:2)
  3 bats (D:1)
  2 giant cockroaches (D:1)
  6 goblins (D:1)
  3 hobgoblins (D:1)
  A ball python (D:1)
  A kobold (D:1)
  5 rats
25 creatures vanquished.

Notes
Turn   | Place    | Note
-------+----------+-------------------------------------------
     0 | D:1      | imganon the Demonspawn Berserker began the quest for the Orb.
     0 | D:1      | Reached XP level 1. HP: 18/18 MP: 1/1
     0 | D:1      | Noticed a vine stalker
     0 | D:1      | Noticed a vampire
     1 | D:1      | Noticed a vampire
     3 | D:1      | Noticed a vine stalker
     3 | D:1      | Noticed a felid
     5 | D:1      | Noticed a human
     7 | D:1      | Noticed a dwarf
     8 | D:1      | Noticed a felid
    10 | D:1      | Noticed a human
    10 | D:1      | Noticed a gargoyle
    12 | D:1      | Noticed a felid
    14 | D:1      | Noticed a formicid
    16 | D:1      | Noticed a troll
    16 | D:1      | Noticed an ogre
    18 | D:1      | Noticed a centaur
    20 | D:1      | Noticed a vine stalker
   263 | D:1      | Gained mutation: You have a pair of small antennae on your head. [demonic ancestry]
   263 | D:1      | Reached XP level 2. HP: 10/24 MP: 2/2
   901 | D:2      | Gained mutation: You have a pair of antennae on your head. [demonic ancestry]
   901 | D:2      | Reached XP level 3. HP: 28/29 MP: 3/3
   922 | D:2      | Slain by an orc

Skill      XL: |  1 |
---------------+----+-----
Axes           | 3 |  3.9
Fighting       | |  3.0
Armour         | |  1.7
Dodging        | |  1.7

Action                   || total
-------------------------++-------
Melee: Hand axe          ||    53
Invok: Berserk           ||     2
  Eat: Chunk             ||    14
Armor: Animal skin       ||    12
       Leather armour    ||     6
Dodge: Dodged            ||    44
